 Dungeon Crawl Stone Soup version 0.20.1-1-g8b1a95d (webtiles) character file.

11 digijack the Scratcher (level 2, -1/12 HPs)
             Began as a Felid Transmuter on Dec 19, 2017.
             Slain by a gnoll
             ... wielding a +0 spear
              (9 damage)
             ... on level 1 of the Dungeon.
             The game lasted 00:05:01 (356 turns).

digijack the Scratcher (Felid Transmuter)            Turns: 356, Time: 00:05:02

Health: -1/12      AC:  1    Str:  6    XL:     2   Next: 13%
Magic:  5/6        EV: 18    Int: 14    God:
Gold:   43         SH:  0    Dex: 16    Spells: 4/5 levels left
                                        Lives:  0   Deaths: 0

rFire    . . .     SeeInvis +     - Unarmed
rCold    . . .     Gourm    .   (shield unavailable)
rNeg     . . .     Faith    .   (armour unavailable)
rPois    .         Spirit   .   (helmet unavailable)
rElec    .         Reflect  .   (cloak unavailable)
rCorr    .         Harm     .   (gloves unavailable)
MR       .....                  (boots unavailable)
Stlth    ++........             (no amulet)
Regen    0.1/turn               (no ring)
MPRegen  0.1/turn               (no ring)

@: appendage, quick
A: no armour, no weapons or thrown items, stealth, claws 1, fangs 3, horns 2,
see invisible, carnivore 3, speed 1, shaggy fur 1, slow metabolism 1, sharp paws
a: End Transformation


You were on level 1 of the Dungeon.
You were full.
You had grown temporary horns.
You visited 1 branch of the dungeon, and saw 1 of its levels.

You collected 43 gold pieces.

Inventory:

Missiles
 a - 12 arrows
Books
 b - a book of Changes

   Spells                             Type                      Level
   a - Beastly Appendage              Transmutation                1
   b - Sticks to Snakes               Transmutation                2
   c - Spider Form                    Transmutation/Poison         3
   d - Ice Form                       Ice/Transmutation            4
   e - Blade Hands                    Transmutation                5
Comestibles
 c - a meat ration


   Skills:
 + Level 1.3 Fighting
 + Level 2.6 Dodging
 + Level 0.4 Stealth
 + Level 3.2 Unarmed Combat
 + Level 2.1 Spellcasting
 + Level 2.3 Transmutations


You had 4 spell levels left.
You knew the following spells:

 Your Spells              Type           Power        Failure   Level  Hunger
a - Beastly Appendage     Tmut           #.....       9%          1    #......


Dungeon Overview and Level Annotations

Branches:
Dungeon (1/15)

Altars:


Innate Abilities, Weirdness & Mutations

You cannot wear armour.
You are incapable of wielding weapons or throwing items.
Your paws allow you to move quietly. (Stealth)
You have sharp claws.
You have razor-sharp teeth.
You have supernaturally acute eyesight. (SInv)
You are carnivorous and can eat meat at any time.
You cover ground quickly.
You are covered in fur. (AC +1)
You have a slow metabolism.
Your sharp claws are effective at attacking unaware monsters.
You have a pair of horns on your head.


Message History

You start resting.
HP restored.
A rat comes into view.
A gnoll comes into view. It is wielding a spear.
Found 9 gold pieces.
Casting: Beastly Appendage
Confirm with . or Enter, or press ? or * to list all spells.
You grow a pair of large bovine horns.
A goblin comes into view.
You pounce on the unaware helpless gnoll!
You scratch the gnoll. You bite the gnoll, but do no damage.
The gnoll is heavily wounded.
You closely miss the gnoll.
The gnoll is heavily wounded.
The gnoll hits you with a spear.
You closely miss the gnoll. Your headbutt misses the gnoll.
You bite the gnoll, but do no damage.
The gnoll is heavily wounded.
The gnoll hits you with a spear!
Ouch! That really hurt!
You die...

....
##.##.#.##.......#.#.....
...
......#.##..##........##.
##.
####.#.#.##..##.#.#.##.##.
#.#.#.##..##.#......... #
#...##..##.###.#.####
#.##.....#.# #.#.#
#........#.# #.#.#
#.######.#.# #.#.#
#..g@....#.# #.#.#
#####..........#.#
#..........###.#
#..........# #.#
#..........# #.r.......$#
#..........# #g.........#


You could see a gnoll.

Vanquished Creatures
  A leopard gecko (D:1)
  2 bats (D:1)
  A giant cockroach (D:1)
  A hobgoblin (D:1)
  2 kobolds (D:1)
  A frilled lizard (D:1)
  2 rats (D:1)
10 creatures vanquished.

Notes
Turn   | Place    | Note
-------+----------+-------------------------------------------
     0 | D:1      | digijack the Felid Transmuter began the quest for the Orb.
     0 | D:1      | Reached XP level 1. HP: 9/9 MP: 4/4
   217 | D:1      | Reached XP level 2. HP: 12/12 MP: 4/6
   356 | D:1      | Slain by a gnoll

Action                   || total
-------------------------++-------
Melee: Unarmed           ||    27
       Headbutt          ||     2
       Bite              ||     2
 Cast: Beastly Appendage ||     7
  Use: Scroll            ||     2
 Stab: Sleeping          ||     2
  Eat: Chunk             ||     3
Armor: Skin              ||     1
Dodge: Dodged            ||    22
